 Dungeon Crawl Stone Soup version 0.30.0-29-ga12c61a403 (webtiles) character file.

Game seed: 8836300848286967029

7730 Bnni the Geomancer (level 11, -6/83 HPs)
             Began as a Formicid Earth Elementalist on June 13, 2023.
             Was a High Priest of Cheibriados.
             Mangled by a tentacled monstrosity (13 damage)
             ... on level 1 of the Abyss.
             The game lasted 00:21:00 (10583 turns).

Bnni the Geomancer (Formicid Earth Elementalist)   Turns: 10583, Time: 00:21:00

Health: -6/83      AC:  7    Str: 26    XL:     11   Next: 42%
Magic:  4/16       EV: 11    Int: 34    God:    Cheibriados [*****.]
Gold:   567        SH: 13    Dex: 28    Spells: 13/23 levels left

rFire   + . .        P - +8 trident "Murmur" {freeze, rElec rN+ rCorr Stlth+}
rCold   + + +        G - +0 kite shield
rNeg    + . .        q - +3 ring mail {rC+}
rPois   .            (helmet unavailable)
rElec   +            M - scarf {rC+ rF+}
rCorr   +            (no gloves)
SInv    +            H - +0 pair of boots
Will    +....        a - amulet of the acrobat
Stlth   +++          e - ring of resist corrosion
HPRegen 0.00/turn    F - ring of protection from cold
MPRegen 0.15/turn

%: acrobat
@: sick, studying Stealth, very slow
A: permanent stasis, dig shafts and tunnels, antennae 3, four strong arms,
[deformed body], [low MP 2]
a: Dig, Shaft Self, Renounce Religion, Bend Time, Temporal Distortion, Slouch,
Step From Time


You were on level 1 of the Abyss.
You worshipped Cheibriados.
Cheibriados was extremely pleased with you.
You visited 1 branch of the dungeon, and saw 10 of its levels.
You visited the Abyss 1 time.

You collected 567 gold pieces.

Inventory:

Hand Weapons
 v - a +2 dagger of venom
 P - the +8 trident "Murmur" (weapon) {freeze, rElec rN+ rCorr Stlth+}
   (You found it on level 8 of the Dungeon)

   rElec:     It insulates you from electricity.
   rN:        It protects you from negative energy.
   rCorr:     It protects you from acid and corrosion.
   Stlth:     It makes you more stealthy.
Missiles
 I - 18 poisoned darts
 Q - a curare-tipped dart
Armour
 f - a +0 plate armour
 q - a +3 ring mail of cold resistance (worn)
 A - a +0 cloak
 G - a +0 kite shield (worn)
 H - a +0 pair of boots (worn)
 M - a scarf of resistance (worn)
Magical Staves
 s - a staff of death
Jewellery
 a - an amulet of the acrobat (around neck)
 e - a ring of resist corrosion (left hand)
 F - a ring of protection from cold (right hand)
 K - a ring of ice
Wands
 k - a wand of polymorph (19)
 l - a wand of quicksilver (5)
 r - a wand of digging (3)
 E - a wand of roots (7)
 N - a wand of flame (6)
Scrolls
 d - 3 scrolls of teleportation {unknown}
 i - 2 scrolls of blinking {unknown}
 j - 2 scrolls of immolation
 m - a scroll of amnesia {unknown}
 t - 3 scrolls of poison {unknown}
 x - a scroll of fear {unknown}
 y - 2 scrolls of fog {unknown}
 B - 2 scrolls of magic mapping {unknown}
 C - a scroll of acquirement {unknown}
 O - a scroll of enchant weapon {unknown}
 R - a scroll of vulnerability {unknown}
Potions
 b - 3 potions of magic
 c - a potion of might
 g - 2 potions of mutation
 h - 3 potions of heal wounds {unknown}
 n - 2 potions of berserk rage {unknown}
 o - 6 potions of curing
 p - a potion of invisibility
 u - 5 potions of attraction
 w - a potion of haste {unknown}
 z - 3 potions of lignification {unknown}
 D - 3 potions of degeneration {unknown}
 J - a potion of cancellation {unknown}
 L - 2 potions of ambrosia {unknown}


   Skills:
 + Level 6.4 Fighting
 + Level 3.8 Armour
 - Level 1.7 Dodging
 - Level 2.4 Stealth
 + Level 6.8 Shields
 + Level 6.6 Spellcasting
 - Level 3.0 Conjurations
 - Level 3.0 Transmutations
 * Level 11.1 Earth Magic
 * Level 10.3 Invocations


You had 13 spell levels left.
You knew the following spells:

 Your Spells              Type           Power      Damage    Failure   Level
a - Sandblast             Erth           100%       2d20      1%          1
b - Passwall              Tmut/Erth      46%        N/A       1%          2
c - Stone Arrow           Conj/Erth      100%       3d13      1%          3
d - Petrify               Tmut/Erth      56%        N/A       5%          4

Your spell library contained the following spells:

 Spells                   Type           Power      Damage    Failure   Level
 Slow                     Hex            44%        N/A       11%         1
 Dazzling Flash           Conj/Hex       42%        N/A       17%         3
 Confusing Touch          Hex            11%        N/A       30%         3
 Vampiric Draining        Necr           11%        2d6       30%         3
 Volatile Blastmotes      Fire/Tloc      22%        2d11      30%         3
 Iskenderun's Mystic Bla  Conj/Tloc      21%        2d6       50%         4
 Animate Dead             Necr           11%        N/A       71%         4
 Starburst                Conj/Fire      10%        6d5       100%        6
 Haunt                    Necr/Summ      5%         N/A       100%        7
 Infestation              Necr           5%         N/A       100%        8


Dungeon Overview and Level Annotations

Branches:
Dungeon (10/15)            Temple (0/1) D:4
   Lair: D:8-11         Orc: D:9-12

Altars:
Ashenzari
Cheibriados
Hepliaklqana
Kikubaaqudgha
Nemelex Xobeh
The Shining One

Annotations:
D:10 Erolcha, Grum


Innate Abilities, Weirdness & Mutations

You cannot be hasted, slowed, berserked, paralysed or teleported.
You can dig through walls and to a lower floor.
You have a pair of large antennae on your head. (SInv)
Your four strong arms can wield two-handed weapons with a shield.
[Armour fits poorly on your strangely shaped body.]
[Your magical capacity is very low. (-20% MP)]


Message History

The tentacled monstrosity tentacle-slaps you.
The tentacled monstrosity constricts you!
You step out of the flow of time.
You return to the normal time flow.
Cheibriados lowers the support of your attributes as your movement quickens.
An ancient zyme, an orange demon and a raiju come into view.
You feel yourself growing ill in the presence of the ancient zyme.
Unknown command.
Casting: Passwall (safe; 1% risk of failure)
Confirm with . or Enter, or press ? or * to list all spells.
Aiming: Passwall (safe; 1% risk of failure)
Press: ? - help, Dir - move target A rock wall.
The orange demon screeches!
The raiju barks!
You hear a shout!
You hear a bark!
The ancient zyme hits you! The ancient zyme closely misses you.
You begin to meditate on the wall.
You continue meditating on the rock.
The ancient zyme hits you but does no damage.
The ancient zyme hits you!
You continue meditating on the rock.
The orange demon stings you from afar!
* * * LOW HITPOINT WARNING * * *
The ancient zyme barely misses you. You block the ancient zyme's attack.
You feel ill.
You finish merging with the rock.
You start resting.
You sense a monster nearby.
The tentacled monstrosity tentacle-slaps you.
* * * LOW HITPOINT WARNING * * *
The tentacled monstrosity tentacle-slaps you.
* * * LOW HITPOINT WARNING * * *
The tentacled monstrosity misses you. x2
Unknown command.
Casting: Passwall (safe; 1% risk of failure)
Confirm with . or Enter, or press ? or * to list all spells.
Aiming: Passwall (safe; 1% risk of failure)
Press: ? - help, Dir - move target A rock wall.
The tentacled monstrosity tentacle-slaps you.
* * * LOW HITPOINT WARNING * * *
The tentacled monstrosity tentacle-slaps you!
You die...

.......
.......
..{.x..
##
......
#.###.
....
#.5#...#
#@X..#
###.4#
#..#.#
#### #


You could see a tentacled monstrosity, an orange demon and an ufetubus.

Vanquished Creatures
  A two-headed ogre (D:8)
  A cyclops (D:6)
  The ghost of pzskc383 the Chopper, a novice GrFi (D:6)
  Grinder (D:5)
  3 wyverns
  The ghost of Regoshi the Trooper, an amateur DsGl (D:5)
  4 steam dragons
  2 acid dragons
  2 water moccasins
  2 black bears (D:6)
  5 ice beasts
  2 orc warriors (D:6)
  3 ogres
  4 wolves
  5 phantoms
  A centaur (D:7)
  Blork the orc (D:4)
  2 kobold brigands (D:9)
  2 bullfrogs
  A gnoll sergeant (D:5)
  6 scorpions
  9 wights
  6 killer bees (D:9)
  6 howler monkeys
  5 jellies
  3 hounds
  5 orc priests
  Crazy Yiuf (D:3)
  A sleepcap (D:6)
  7 iguanas
  8 orc wizards
  2 hell rats (D:7)
  9 gnolls
  8 adders
  7 river rats (D:7)
  A shadow imp (D:6)
  2 white imps
  3 ufetubi
  5 worms
  4 dart slugs
  28 orcs
  10 bats
  12 endoplasms
  3 giant cockroaches
  7 goblins
  6 hobgoblins
  3 jackals (D:1)
  16 kobolds
  8 quokkas
  7 ball pythons
  2 frilled lizards
  13 rats
257 creatures vanquished.

Vanquished Creatures (others)
  An orc wizard (D:9)
1 creature vanquished.

Grand Total: 258 creatures vanquished

Notes
Turn   | Place    | Note
-------+----------+-------------------------------------------
     0 | D:1      | Bnni the Formicid Earth Elementalist began the quest for
                  | the Orb.
     0 | D:1      | Reached XP level 1. HP: 13/13 MP: 3/3
   231 | D:1      | Reached XP level 2. HP: 19/19 MP: 3/5
   530 | D:1      | Reached skill level 1 in Conjurations
   533 | D:1      | Reached skill level 4 in Earth Magic
   582 | D:1      | Reached XP level 3. HP: 25/25 MP: 4/6
   752 | D:1      | Found a faded altar of an unknown god.
   754 | D:1      | Prayed at the altar of an unknown god.
   754 | D:1      | Became a worshipper of Cheibriados the Contemplative
   754 | D:1      | Reached * piety under Cheibriados
  1217 | D:2      | Learned a level 2 spell: Passwall
  1221 | D:2      | Learned a level 3 spell: Stone Arrow
  1536 | D:2      | Reached XP level 4. HP: 31/31 MP: 4/7
  1607 | D:2      | Reached ** piety under Cheibriados
  1885 | D:2      | Reached skill level 1 in Invocations
  2682 | D:3      | Reached XP level 5. HP: 36/36 MP: 6/8
  3293 | D:3      | Found a runed translucent door.
  3294 | D:3      | Noticed Crazy Yiuf
  3299 | D:3      | Killed Crazy Yiuf
  3300 | D:3      | Reached skill level 1 in Fighting
  3365 | D:4      | Noticed Blork the orc
  3371 | D:4      | Killed Blork the orc
  3372 | D:4      | Reached XP level 6. HP: 27/43 MP: 4/10
  3436 | D:4      | Found a staircase to the Ecumenical Temple.
  3443 | D:4      | Reached *** piety under Cheibriados
  3446 | D:4      | Reached skill level 5 in Earth Magic
  3516 | D:4      | Found a glowing golden altar of the Shining One.
  3575 | D:4      | Learned a level 4 spell: Petrify
  3618 | D:4      | Reached XP level 7. HP: 49/49 MP: 5/11
  4345 | D:4      | Found a hazy altar of Hepliaklqana.
  4613 | D:5      | Entered Level 5 of the Dungeon
  4697 | D:5      | Found a runed translucent door.
  4697 | D:5      | Noticed Regoshi's ghost (amateur DsGl)
  4718 | D:5      | Killed Regoshi's ghost
  4719 | D:5      | Reached skill level 6 in Earth Magic
  4719 | D:5      | Reached XP level 8. HP: 39/57 MP: 2/13
  4994 | D:5      | Reached **** piety under Cheibriados
  5080 | D:5      | Reached skill level 5 in Invocations
  5184 | D:5      | Reached skill level 1 in Shields
  5362 | D:5      | Reached skill level 7 in Earth Magic
  5524 | D:5      | Noticed Grinder
  5529 | D:5      | Killed Grinder
  5530 | D:5      | Reached XP level 9. HP: 65/65 MP: 11/15
  5941 | D:6      | Reached skill level 8 in Earth Magic
  5995 | D:6      | Reached ***** piety under Cheibriados
  6175 | D:6      | Reached skill level 5 in Spellcasting
  6197 | D:6      | Noticed a cyclops
  6202 | D:6      | Killed a cyclops
  6203 | D:6      | Reached skill level 9 in Earth Magic
  6203 | D:6      | Reached XP level 10. HP: 40/73 MP: 11/17
  6211 | D:6      | Reached skill level 5 in Fighting
  6490 | D:6      | Reached skill level 1 in Armour
  6652 | D:6      | Found a broken altar of Ashenzari.
  6719 | D:6      | Found a runed translucent gate.
  6719 | D:6      | Found a runed translucent gate.
  6719 | D:6      | Found a runed translucent gate.
  6719 | D:6      | Noticed pzskc383's ghost (novice GrFi)
  6726 | D:6      | Reached skill level 5 in Shields
  6740 | D:6      | Killed pzskc383's ghost
  7453 | D:7      | Reached skill level 10 in Earth Magic
  7693 | D:7      | Found an ancient bone altar of Kikubaaqudgha.
  7694 | D:7      | Found a sparkling altar of Nemelex Xobeh.
  8250 | D:7      | Reached XP level 11. HP: 74/81 MP: 14/20
  8741 | D:8      | Identified the +8 trident "Murmur" {freeze, rElec rN+ rCorr
                  | Stlth+}
  8877 | D:8      | Noticed a two-headed ogre
  8882 | D:8      | Killed a two-headed ogre
  8964 | D:8      | Reached skill level 10 in Invocations
  9284 | D:9      | Reached ****** piety under Cheibriados
  9509 | D:9      | Reached skill level 11 in Earth Magic
  9656 | D:9      | Identified the +0 ring mail "Gape" {rC+ rN+ Dex-2 SInv}
 10239 | D:10     | Entered Level 10 of the Dungeon
 10240 | D:10     | Noticed Grum
 10467 | D:10     | Noticed Erolcha
 10467 | D:10     | Noticed an orc knight
 10468 | Abyss:1  | Cast into level 1 of the Abyss (Erolcha)
 10535 | Abyss:1  | Noticed a large abomination
 10567 | Abyss:1  | Noticed a wretched star
 10569 | Abyss:1  | Noticed a tentacled monstrosity
 10583 | Abyss:1  | Mangled by a tentacled monstrosity

Illustrated notes

Levels and vault maps discovered:
D:1:      minmay_arrival_solitary_statue, layout_basic,
          chequers_ecumenical_altar_twisty,
          nicolae_concentric_dashed_squares_wild
D:2:      layout_basic
D:3:      layout_loops_corners, serial_bayou_ford_a, minmay_misc_feat_encased,
          uniq_crazy_yiuf_cottage
D:4:      layout_basic, overflow_temple_1_default,
          mainiacjoe_overflow_cross_hatched, minmay_temple_entry_tees,
          grunt_ministairs_13, corexii_corridor_pit, uniq_blork_the_orc
D:5:      layout_basic, hellmonk_ghost_happy_afterlife, uniq_grinder
D:6:      layout_basic, mainiacjoe_overflow_concentric_impassable,
          ebering_ghost_rock_garden, chequers_serial_rivers_micro_a,
          nzn_random_ring
D:7:      lemuel_ratsnest, layout_loops_ring, mainiacjoe_overflow_divided_tiny
D:8:      layout_loops_ring
D:9:      layout_basic, nicolae_figureground_pulse
D:10:     layout_rooms, lair_entry_dummy, minivault_28, uniq_snorg,
          uniq_erolcha, uniq_grum
Abyss:1:  base:
D:9

Skill      XL: |  1  2  3  4  5  6  7  8  9 10 11 |
---------------+----------------------------------+-----
Conjurations   | 1 2 3 |  3.0
Earth Magic    | 4 5 6 7 9 10 11 | 11.1
Transmutations | 2 3 |  3.0
Invocations    | 1 2 4 6 7 9 10 | 10.3
Fighting       | 1 2 3 4 5 6 |  6.4
Spellcasting   | 3 4 5 6 |  6.6
Shields        | 2 4 5 6 |  6.8
Armour         | 2 3 |  3.8
Dodging        | |  1.7
Stealth        | |  2.4

Action                     |  1- 3 |  4- 6 |  7- 9 | 10-12 || total
---------------------------+-------+-------+-------+-------++-------
  Melee: Unarmed           |    14 |       |       |       ||    14
         Long sword        |       |     3 |     3 |       ||     6
         Whip              |       |       |    14 |    35 ||    49
         Trident           |       |       |       |    20 ||    20
  Throw: Dart              |       |       |     6 |     2 ||     8
   Cast: Sandblast         |    50 |    70 |   128 |   203 ||   451
         Passwall          |       |       |       |     8 ||     8
 Invoke: Step From Time    |       |       |       |     1 ||     1
    Use: Scroll            |       |       |     5 |     1 ||     6
 Armour: Robe              |     6 |       |       |       ||     6
         Ring mail         |       |     8 |    33 |    32 ||    73
  Dodge: Dodged            |    35 |    23 |    52 |    87 ||   197
  Block: Kite shield       |       |       |    37 |   132 ||   169
